AoeStats
← -GNG-OverHabit

Arena

510723365Analyzed
4v4 RM · 15h ago on Oct 2, 2026· 34m 24s· 8 players
Game mode
Random Map
Map size
Large (8 player)
Population
200
Speed
Normal
Resources
Standard
Victory
Conquest
Starting age
Dark Age
Ending age
Imperial Age
RankedLock teamsTeams togetherTeam positionsShared explorationLock speedFull tech treeHidden civsTurbo modeCheats
Victory
Defeat
🇭🇰 Burmese · Hong Kong SAR China
1711
+13
🇩🇪 Malay · Germany
1695
+14
🇨🇳 Gurjaras · China
1686
+14
🇭🇰 Ethiopians · Hong Kong SAR China
1536
+21
🇹🇷 Lithuanians · Türkiye
1684
-17
🇹🇷 Britons · Türkiye
1635
-15
🇩🇿 Goths · Algeria
1631
-15
1629
-15
PIKACHU
10:24 Feudal Age
14:18 Castle Age
12:23 Double-Bit Axe
12:18 Horse Collar
15:31 Wheelbarrow
16:03 Bow Saw
20:14 Loom
20:24 Gold Mining
20:46 Heavy Plow
20:58 Stone Mining
21:52 Hand Cart
22:07 Town Watch
24:31 Fletching
24:42 Padded Archer Armor
26:15 Gold Shaft Mining
26:04 Ballistics
28:27 Imperial Age
27:04 Squires
26:25 Pikeman
26:50 Arson
26:57 Gambesons
27:09 Bodkin Arrow
27:30 Leather Archer Armor
27:33 Masonry
28:39 Yeomen
29:58 Conscription
29:40 Bracer
30:42 Chemistry
30:49 Ring Archer Armor
30:52 Capped Ram
31:11 Halberdier
31:55 Scale Mail Armor
32:05 Forging
33:14 Chain Mail Armor
大冲车 滴滴 创死你
10:21 Feudal Age
11:28 Double-Bit Axe
11:58 Horse Collar
14:24 Castle Age
16:25 Bow Saw
18:16 Wheelbarrow
26:47 Gold Mining
30:51 Imperial Age
28:53 Grand Trunk Road
28:20 Crossbowman
30:49 Hand Cart
30:21 Town Watch
31:09 Padded Archer Armor
32:32 Chemistry
31:34 Shatagni
31:55 Conscription
32:40 Leather Archer Armor
33:25 Gold Shaft Mining
32:41 Stone Mining
34:26 Two-Man Saw
󠀡󠀡
8:27 Feudal Age
8:44 Loom
10:20 Town Watch
10:11 Man-at-Arms
12:44 Double-Bit Axe
16:03 Fletching
22:21 Castle Age
28:55 Imperial Age
28:10 Horse Collar
29:09 Wheelbarrow
31:24 Conscription
VirSpiritualis
10:57 Feudal Age
12:00 Double-Bit Axe
14:56 Castle Age
12:43 Horse Collar
16:00 Bow Saw
17:11 Wheelbarrow
17:58 Husbandry
20:22 Heavy Plow
22:57 Hand Cart
23:33 Gold Mining
25:17 Gold Mining
26:28 Stone Mining
30:11 Imperial Age
27:29 Loom
27:30 Town Watch
28:21 Stone Shaft Mining
27:39 Fletching
27:49 Padded Archer Armor
28:18 Ballistics
29:00 Bodkin Arrow
29:21 Leather Archer Armor
29:35 Bloodlines
29:30 Pikeman
30:10 Squires
30:18 Scale Mail Armor
31:11 Forging
31:09 Bracer
32:12 Chemistry
31:49 Conscription
31:57 Chain Mail Armor
33:04 Two-Man Saw
33:16 Ring Archer Armor
33:53 Crop Rotation
33:14 Heavy Cavalry Archer
34:30 Iron Casting
小白
9:55 Feudal Age
11:13 Double-Bit Axe
13:34 Castle Age
14:10 Horse Collar
16:45 Loom
20:32 Bow Saw
23:04 Wheelbarrow
22:57 Heavy Plow
23:29 Light Cavalry
25:24 Husbandry
25:38 Scale Barding Armor
25:36 Gold Mining
26:40 Bloodlines
31:27 Imperial Age
30:14 Gold Shaft Mining
30:13 Chain Barding Armor
30:58 Kshatriyas
31:32 Hand Cart
31:09 Stone Mining
32:05 Elite Shrivamsha Rider
33:34 Plate Barding Armor
33:21 Conscription
33:24 Forging
33:47 Crop Rotation
-GNG-OverHabit
9:54 Feudal Age
11:16 Double-Bit Axe
13:35 Castle Age
11:37 Horse Collar
14:38 Bow Saw
16:15 Wheelbarrow
17:06 Heavy Plow
21:54 Hand Cart
21:46 Gold Mining
23:59 Gold Shaft Mining
27:41 Imperial Age
25:04 Loom
25:25 Stone Mining
26:55 Squires
27:42 Scale Mail Armor
27:53 Forging
27:47 Onager
29:30 Chemistry
28:34 Halberdier
29:29 Chain Mail Armor
29:51 Iron Casting
29:35 Siege Onager
31:25 Plate Mail Armor
31:56 Blast Furnace
31:23 Siege Engineers
32:43 Torsion Engines
33:20 Heavy Scorpion
Fluesterasphalt
12:37 Feudal Age
13:02 Horse Collar
13:17 Double-Bit Axe
15:58 Castle Age
16:13 Bow Saw
17:59 Gold Mining
18:46 Scale Barding Armor
22:01 Heavy Plow
24:48 Wheelbarrow
24:32 Stone Mining
26:15 Hand Cart
26:49 Gold Shaft Mining
31:29 Imperial Age
28:52 Loom
28:53 Town Watch
29:49 Forging
29:08 Pikeman
30:10 Squires
31:18 Conscription
31:59 Chemistry
30:32 Halberdier
33:37 Iron Casting
33:33 Heavy Scorpion
35:06 Siege Engineers
pigpig_aoe
10:46 Feudal Age
11:27 Horse Collar
12:31 Fletching
14:18 Loom
18:21 Castle Age
16:46 Stone Mining
29:28 Wheelbarrow
30:36 Town Watch
30:55 Heavy Plow
32:52 Hand Cart
36:19 Imperial Age
Connection lost

Rejoining the realm…

Still unreachable

The connection could not be restored.

Session expired

The server has moved on; the page needs a fresh start.